NYP
IDAHO FALLS CHUKARS @ CHICAGO (NYP) WHITE SOX
08/15/2047
 
TOP OF THE 1ST
Idaho Falls Chukars batting - Pitching for Chicago (NYP) White Sox : LHP Bobby Dahlgren
Pitching: LHP Bobby Dahlgren
Batting: RHB Brett Steele 0-0: Ball
1-0: Ground out 6-3 (Groundball, 56, EV 106.9 MPH)
Batting: SHB Darius Vinson 0-0: Ball
1-0: Ball
2-0: Called Strike
2-1: Swinging Strike
2-2: Strikes out swinging
Batting: RHB Chang-keun Baik 0-0: Ball
1-0: Foul Ball, location: 2F
1-1: Swinging Strike
1-2: Ball
2-2: Foul Ball, location: 2F
2-2: Strikes out swinging
Top of the 1st over - 0 runs, 0 hits, 0 errors, 0 left on base; Idaho Falls 0 - Chicago (NYP) 0
BOTTOM OF THE 1ST
Chicago (NYP) White Sox batting - Pitching for Idaho Falls Chukars : LHP Shinkichi Kawase
Pitching: LHP Shinkichi Kawase
Batting: LHB Adam Tarbutton 0-0: Swinging Strike
0-1: Fly out, F7 (Flyball, 78D, EV 88.8 MPH)
Batting: RHB Kunimatsu Oya 0-0: Ball
1-0: Ball
2-0: SINGLE (Groundball, 3S, EV 97.5 MPH)
Batting: RHB Tony Garcia 0-0: Ball
1-0: Ball
2-0: Ball
3-0: Base on Balls
Kunimatsu Oya to second
Batting: RHB Kyle Morse 0-0: Called Strike
0-1: 3-RUN HOME RUN (Flyball, 8LXD, EV 114.4 MPH), Distance : 460 ft
Batting: RHB Ethan McCullough 0-0: Ball
1-0: Ball
2-0: Ball
3-0: Called Strike
3-1: Base on Balls
Batting: RHB Sean Peake 0-0: Ball
1-0: SINGLE (Groundball, 6MS, EV 74.4 MPH) (infield hit)
Ethan McCullough to second
Batting: RHB Armando Vazquez 0-0: Foul Ball, location: 2F
0-1: Ball
1-1: Ball
2-1: Swinging Strike
2-2: Ball
3-2: Fielders Choice at 2nd, 6-4 (Groundball, 6, EV 91.9 MPH)
Ethan McCullough to third
Batting: SHB Tomas Caldera 0-0: Ball
1-0: Foul Ball, location: 2F
1-1: Fly out, F9 (Line Drive, 89M, EV 103.1 MPH)
Bottom of the 1st over - 3 runs, 3 hits, 0 errors, 2 left on base; Idaho Falls 0 - Chicago (NYP) 3
TOP OF THE 2ND
Idaho Falls Chukars batting - Pitching for Chicago (NYP) White Sox : LHP Bobby Dahlgren
Batting: LHB Corey Lewis 0-0: Ball
1-0: Ground out 4-3 (Groundball, 4, EV 104.4 MPH)
Batting: LHB Edgar Ortiz 0-0: Ball
1-0: Swinging Strike
1-1: Foul Ball, location: 2F
1-2: Ball
2-2: Strikes out swinging
Batting: RHB Vance Coen 0-0: Called Strike
0-1: Ball
1-1: Swinging Strike
1-2: Strikes out swinging
Top of the 2nd over - 0 runs, 0 hits, 0 errors, 0 left on base; Idaho Falls 0 - Chicago (NYP) 3
BOTTOM OF THE 2ND
Chicago (NYP) White Sox batting - Pitching for Idaho Falls Chukars : LHP Shinkichi Kawase
Batting: RHB Yorkis Saiki 0-0: Ball
1-0: Called Strike
1-1: Fly out, F8 (Flyball, 8RD, EV 105.0 MPH)
Batting: LHB Adam Tarbutton 0-0: Ground out 5-3 (Groundball, 56S, EV 83.8 MPH)
Batting: RHB Kunimatsu Oya 0-0: Called Strike
0-1: Ball
1-1: Ball
2-1: Foul Ball, location: 2F
2-2: Ball
3-2: Foul Ball, location: 2F
3-2: Strikes out swinging
Bottom of the 2nd over - 0 runs, 0 hits, 0 errors, 0 left on base; Idaho Falls 0 - Chicago (NYP) 3
TOP OF THE 3RD
Idaho Falls Chukars batting - Pitching for Chicago (NYP) White Sox : LHP Bobby Dahlgren
Batting: SHB Danny Ballenger 0-0: Ball
1-0: Ground out 6-3 (Groundball, 56, EV 104.4 MPH)
Batting: RHB Adam Krieger 0-0: Ball
1-0: Swinging Strike
1-1: Swinging Strike
1-2: Foul Ball, location: 2F
1-2: Ball
2-2: Ball
3-2: Foul Ball, location: 2F
3-2: Foul Ball, location: 2F
3-2: SINGLE (Groundball, 23, EV 73.8 MPH) (infield hit)
Batting: RHB Rogelio Losano 0-0: Ball
1-0: Fly out, F9 (Flyball, 9, EV 90.6 MPH)
Batting: RHB Brett Steele 0-0: Called Strike
0-1: Ball
1-1: Foul Ball, location: 2F
1-2: DOUBLE (Flyball, 8RXD, EV 100.0 MPH)
Adam Krieger to third
Pinch Runner at 2nd Matt Cone:
Batting: SHB Darius Vinson 0-0: Ball
1-0: Foul Ball, location: 2F
1-1: Foul Ball, location: 2F
1-2: TRIPLE (Line Drive, 7D, EV 106.2 MPH)
Adam Krieger scores
Matt Cone scores
Batting: RHB Chang-keun Baik 0-0: Called Strike
0-1: Foul Ball, location: 2F
0-2: Ball
1-2: Strikes out swinging
Top of the 3rd over - 2 runs, 3 hits, 0 errors, 1 left on base; Idaho Falls 2 - Chicago (NYP) 3
BOTTOM OF THE 3RD
Chicago (NYP) White Sox batting - Pitching for Idaho Falls Chukars : LHP Shinkichi Kawase
Now at SS: Matt Cone
Batting: RHB Tony Garcia 0-0: Foul Ball, location: 2F
0-1: Foul Ball, location: 2F
0-2: Ground out 5-3 (Groundball, 5, EV 84.4 MPH)
Batting: RHB Kyle Morse 0-0: Foul Ball, location: 2F
0-1: Swinging Strike
0-2: Strikes out swinging
Batting: RHB Ethan McCullough 0-0: Ball
1-0: Ground out 1-3 (Groundball, 34S, EV 70.0 MPH)
Bottom of the 3rd over - 0 runs, 0 hits, 0 errors, 0 left on base; Idaho Falls 2 - Chicago (NYP) 3
TOP OF THE 4TH
Idaho Falls Chukars batting - Pitching for Chicago (NYP) White Sox : LHP Bobby Dahlgren
Batting: LHB Corey Lewis 0-0: Ground out 4-3 (Groundball, 4, EV 83.1 MPH)
Batting: LHB Edgar Ortiz 0-0: Ball
1-0: Called Strike
1-1: Called Strike
1-2: SINGLE (Groundball, 34D, EV 96.2 MPH)
Batting: RHB Vance Coen 0-0: Grounds into double play, 6-4-3 (Groundball, 6, EV 91.2 MPH)
Top of the 4th over - 0 runs, 1 hit, 0 errors, 0 left on base; Idaho Falls 2 - Chicago (NYP) 3
BOTTOM OF THE 4TH
Chicago (NYP) White Sox batting - Pitching for Idaho Falls Chukars : LHP Shinkichi Kawase
Batting: RHB Sean Peake 0-0: Bunt missed!
0-1: Ball
1-1: Foul Ball, location: 2F
1-2: Strikes out swinging
Batting: RHB Armando Vazquez 0-0: Foul Ball, location: 2F
0-1: Foul Ball, location: 2F
0-2: Foul Ball, location: 2F
0-2: Ball
1-2: Ball
2-2: Fly out, F9 (Flyball, 9LMF, EV 95.0 MPH)
Batting: SHB Tomas Caldera 0-0: Called Strike
0-1: Ground out 5-3 (Groundball, 56, EV 102.5 MPH)
Bottom of the 4th over - 0 runs, 0 hits, 0 errors, 0 left on base; Idaho Falls 2 - Chicago (NYP) 3
TOP OF THE 5TH
Idaho Falls Chukars batting - Pitching for Chicago (NYP) White Sox : LHP Bobby Dahlgren
Batting: SHB Danny Ballenger 0-0: Ball
1-0: Ball
2-0: Called Strike
2-1: Foul Ball, location: 2F
2-2: Foul Ball, location: 2F
2-2: Strikes out swinging
Batting: RHB Adam Krieger 0-0: Foul Ball, location: 2F
0-1: Called Strike
0-2: Ball
1-2: Foul Ball, location: 2F
1-2: Ground out 5-3 (Groundball, 5S, EV 84.4 MPH)
Batting: RHB Rogelio Losano 0-0: Ball
1-0: Ball
2-0: Swinging Strike
2-1: Ball
3-1: Called Strike
3-2: Strikes out swinging
Top of the 5th over - 0 runs, 0 hits, 0 errors, 0 left on base; Idaho Falls 2 - Chicago (NYP) 3
BOTTOM OF THE 5TH
Chicago (NYP) White Sox batting - Pitching for Idaho Falls Chukars : LHP Shinkichi Kawase
Batting: RHB Yorkis Saiki 0-0: Ball
1-0: Ball
2-0: Called Strike
2-1: Ball
3-1: DOUBLE (Line Drive, 89D, EV 110.6 MPH)
Batting: LHB Adam Tarbutton 0-0: Ball
1-0: Fly out, F3 (Popup, 34, EV 60.6 MPH)
Pitching: RHP Joe Adelmann
Batting: RHB Kunimatsu Oya 0-0: Ball
Balk!
Yorkis Saiki to third
1-0: Ball
2-0: Ball
3-0: Base on Balls
Batting: RHB Tony Garcia 0-0: Called Strike
0-1: Called Strike
0-2: 3-RUN HOME RUN (Flyball, 7LD, EV 93.1 MPH), Distance : 348 ft
Batting: RHB Kyle Morse 0-0: Foul Ball, location: 2F
0-1: Ball
1-1: Ball
2-1: Ball
3-1: Swinging Strike
3-2: Base on Balls
Batting: RHB Ethan McCullough 0-0: Called Strike
0-1: Foul Ball, location: 2F
0-2: Strikes out looking
Batting: RHB Sean Peake 0-0: Ball
1-0: Swinging Strike
1-1: Foul Ball, location: 2F
1-2: Strikes out looking
Bottom of the 5th over - 3 runs, 2 hits, 0 errors, 1 left on base; Idaho Falls 2 - Chicago (NYP) 6
TOP OF THE 6TH
Idaho Falls Chukars batting - Pitching for Chicago (NYP) White Sox : LHP Bobby Dahlgren
Batting: RHB Matt Cone 0-0: Swinging Strike
0-1: Foul Ball, location: 2F
0-2: Foul Ball, location: 2F
0-2: Ball
1-2: Strikes out swinging
Batting: SHB Darius Vinson 0-0: Swinging Strike
0-1: Ball
1-1: Ball
2-1: Foul Ball, location: 2F
2-2: Ball
3-2: Strikes out swinging
Batting: RHB Chang-keun Baik 0-0: Ball
1-0: Ball
2-0: Foul Ball, location: 2F
2-1: Foul Ball, location: 2F
2-2: Fly out, F9 (Line Drive, 9, EV 95.6 MPH)
Top of the 6th over - 0 runs, 0 hits, 0 errors, 0 left on base; Idaho Falls 2 - Chicago (NYP) 6
BOTTOM OF THE 6TH
Chicago (NYP) White Sox batting - Pitching for Idaho Falls Chukars : RHP Joe Adelmann
Batting: RHB Armando Vazquez 0-0: Foul Ball, location: 2F
0-1: Foul Ball, location: 2F
0-2: Ball
1-2: Ball
2-2: Ball
3-2: Fly out, F9 (Flyball, 89M, EV 77.5 MPH)
Batting: SHB Tomas Caldera 0-0: Foul Ball, location: 2F
0-1: Ball
1-1: Swinging Strike
1-2: Strikes out swinging
Batting: RHB Yorkis Saiki 0-0: Ball
1-0: Called Strike
1-1: Foul Ball, location: 2F
1-2: Foul Ball, location: 2F
1-2: Ground out 3-1 (Groundball, 13, EV 90.0 MPH)
Bottom of the 6th over - 0 runs, 0 hits, 0 errors, 0 left on base; Idaho Falls 2 - Chicago (NYP) 6
TOP OF THE 7TH
Idaho Falls Chukars batting - Pitching for Chicago (NYP) White Sox : LHP Bobby Dahlgren
Batting: LHB Corey Lewis 0-0: Ball
1-0: Foul Ball, location: 2F
1-1: Swinging Strike
1-2: Ball
2-2: Strikes out looking
Batting: LHB Edgar Ortiz 0-0: Called Strike
0-1: Called Strike
0-2: Strikes out swinging
Batting: RHB Vance Coen 0-0: Ball
1-0: Ball
2-0: Called Strike
2-1: Foul Ball, location: 2F
2-2: Ball
3-2: Ground out 4-3 (Groundball, 4, EV 101.9 MPH)
Top of the 7th over - 0 runs, 0 hits, 0 errors, 0 left on base; Idaho Falls 2 - Chicago (NYP) 6
BOTTOM OF THE 7TH
Chicago (NYP) White Sox batting - Pitching for Idaho Falls Chukars : RHP Joe Adelmann
Batting: LHB Adam Tarbutton 0-0: Ball
1-0: Foul Ball, location: 2F
1-1: Ball
2-1: Ball
3-1: SOLO HOME RUN (Flyball, 9D, EV 103.8 MPH), Distance : 387 ft
Batting: RHB Kunimatsu Oya 0-0: Called Strike
0-1: Ball
1-1: SINGLE (Groundball, 56S, EV 68.8 MPH) (infield hit)
Pitching: RHP Rich Frontczak
Batting: RHB Tony Garcia 0-0: Swinging Strike
0-1: Ball
1-1: Ball
2-1: Called Strike
Kunimatsu Oya steals 2nd base
2-2: Foul Ball, location: 2F
2-2: Foul Ball, location: 2F
2-2: Foul Ball, location: 2F
2-2: Foul Ball, location: 2F
2-2: Foul Ball, location: 2F
2-2: Strikes out swinging
Batting: RHB Kyle Morse 0-0: Ball
1-0: Ball
2-0: Ball
3-0: Called Strike
3-1: Ground out 5-3 (Groundball, 56, EV 85.6 MPH)
Batting: RHB Ethan McCullough 0-0: Ball
1-0: Foul Ball, location: 2F
1-1: Ball
2-1: Ball
3-1: Foul Ball, location: 2F
Balk!
Kunimatsu Oya to third
3-2: Ground out 3-1 (Groundball, 34, EV 101.2 MPH)
Bottom of the 7th over - 1 run, 2 hits, 0 errors, 1 left on base; Idaho Falls 2 - Chicago (NYP) 7
TOP OF THE 8TH
Idaho Falls Chukars batting - Pitching for Chicago (NYP) White Sox : LHP Bobby Dahlgren
Pitching: LHP Marquise Barretti
Batting: SHB Danny Ballenger 0-0: Called Strike
0-1: Ball
1-1: Ball
2-1: Ball
3-1: Foul Ball, location: 2F
3-2: Base on Balls
Batting: RHB Adam Krieger 0-0: Called Strike
0-1: Ball
1-1: Called Strike
1-2: Ball
2-2: Strikes out swinging
Batting: RHB Rogelio Losano 0-0: Swinging Strike
0-1: Ball
1-1: Ball
2-1: Ball
3-1: Base on Balls
Danny Ballenger to second
Batting: RHB Matt Cone 0-0: Ball
1-0: Ball
Wild Pitch!
Danny Ballenger to third
Rogelio Losano to second
2-0: Called Strike
2-1: Ball
3-1: Called Strike
3-2: Strikes out looking
Batting: SHB Darius Vinson 0-0: Foul Ball, location: 2F
0-1: Called Strike
0-2: SINGLE (Groundball, 6M, EV 91.2 MPH) (infield hit)
Danny Ballenger scores
Rogelio Losano to third
Batting: RHB Chang-keun Baik 0-0: Fielders Choice at 2nd, U4 (Groundball, 4M, EV 83.8 MPH)
Top of the 8th over - 1 run, 1 hit, 0 errors, 2 left on base; Idaho Falls 3 - Chicago (NYP) 7
BOTTOM OF THE 8TH
Chicago (NYP) White Sox batting - Pitching for Idaho Falls Chukars : RHP Rich Frontczak
Batting: RHB Sean Peake 0-0: Called Strike
0-1: Ball
1-1: Ball
2-1: Foul Ball, location: 2F
2-2: Ball
3-2: Foul Ball, location: 2F
3-2: Foul Ball, location: 2F
3-2: Hit by Pitch
Batting: RHB Armando Vazquez 0-0: Sac Bunt to 2R - play at first, batter safe!
Sean Peake to second
Batting: SHB Tomas Caldera 0-0: Ball
Sean Peake steals 3rd base
Armando Vazquez to second
1-0: Called Strike
1-1: Swinging Strike
1-2: Ball
2-2: Strikes out looking
Batting: RHB Yorkis Saiki 0-0: Ball
1-0: Ball
2-0: Called Strike
2-1: Ground out 5-3 (Groundball, 56S, EV 80.0 MPH)
Sean Peake scores
Pitching: RHP Tony Jimenez
Batting: LHB Adam Tarbutton 0-0: Ground out 6-3 (Groundball, 6, EV 102.5 MPH)
Bottom of the 8th over - 1 run, 1 hit, 0 errors, 1 left on base; Idaho Falls 3 - Chicago (NYP) 8
TOP OF THE 9TH
Idaho Falls Chukars batting - Pitching for Chicago (NYP) White Sox : LHP Marquise Barretti
Batting: LHB Corey Lewis 0-0: Ground out 4-3 (Groundball, 34S, EV 79.4 MPH)
Batting: LHB Edgar Ortiz 0-0: Called Strike
0-1: Ground out 4-3 (Groundball, 4, EV 89.4 MPH)
Batting: RHB Vance Coen 0-0: Ball
1-0: Ball
2-0: Foul Ball, location: 2F
2-1: Ball
3-1: Ground out 5-3 (Groundball, 5L, EV 105.0 MPH)
Top of the 9th over - 0 runs, 0 hits, 0 errors, 0 left on base; Idaho Falls 3 - Chicago (NYP) 8
Thursday, December 15th , 2022 - OOTP Baseball 23.9 Build 102